[Event "Titled Tuesday Blitz July 4 Late 2023"]
[White "Biliy, Vadim"]
[Black "Lutz, Igor Oscar"]
[WhiteFideId "14114127"]
[BlackFideId "2110806"]
[WhiteElo "2205"]
[BlackElo "1993"]
[Result "1-0"]
[Round "11"]
[TimeControl "180+2"]
[Date "2023.07.04"]
[WhiteClock "0:00:22"]
[BlackClock "0:00:00"]
[Board "108"]

1. d4 d5 2. Nf3 c6 3. e3 Nf6 4. h3 e6 5. Bd3 Bd6 6. O-O O-O 7. Nc3 Nbd7 8. Re1 e5 9. e4 exd4 10. Nxd4 dxe4 11. Nxe4 Nxe4 12. Bxe4 Nf6 13. Bg5 Be7 14. Nf5 Bxf5 15. Bxf5 h6 16. Bh4 Re8 17. Qf3 Nd5 18. Bg3 Qb6 19. c4 Nf6 20. b3 Bb4 21. Rxe8+ Rxe8 22. Rd1 Rd8 23. Be5 Rxd1+ 24. Qxd1 Be7 25. Qd4 Bc5 26. Qh4 Nh7 27. Qg4 Bxf2+ 28. Kf1 Ng5 29. h4 Qe3 30. Qe2 Qxe2+ 31. Kxe2 f6 32. Kxf2 1-0


[Site "https://www.chess.com"]

[Event "Titled Tuesday Blitz July 4 Late 2023"]
[White "Awoki, Daniel Teidi"]
[Black "campochess"]
[WhiteFideId "2100827"]
[WhiteElo "2356"]
[BlackElo "2114"]
[Result "1-0"]
[Round "11"]
[TimeControl "180+2"]
[Date "2023.07.04"]
[WhiteClock "0:01:01"]
[BlackClock "0:00:35"]
[Board "109"]

1. e4 c5 2. Nf3 Nc6 3. d4 cxd4 4. Nxd4 e5 5. Nb5 a6 6. Nd6+ Bxd6 7. Qxd6 Qe7 8. Qxe7+ Ngxe7 9. Nc3 d5 10. Nxd5 Nxd5 11. exd5 Nb4 12. Kd1 Nxd5 13. Bd2 O-O 14. Bd3 Be6 15. Re1 f6 16. Ke2 Bf7 17. Kf1 Rad8 18. Rad1 b5 19. b3 Kh8 20. g3 Bg6 21. Bxg6 hxg6 22. Ba5 Rc8 23. Rxd5 Rxc2 24. Rd2 Rfc8 25. Rxc2 Rxc2 26. Re2 Rc1+ 27. Kg2 Kg8 28. h4 Kf7 29. Rd2 Ke6 30. Bb4 Kf5 31. Rd6 a5 32. Bxa5 Ra1 33. Kf3 g5 34. hxg5 Kxg5 35. Rd2 Kf5 36. Bb4 g5 37. g4+ Kg6 38. Rc2 Kf7 39. Bc3 Rd1 40. a4 b4 41. Bxb4 Rd3+ 42. Kg2 Rxb3 43. Bc5 Rb1 44. Ra2 Rc1 45. Bb6 Ke6 46. a5 Rb1 47. a6 Rxb6 48. a7 1-0


[Site "https://www.chess.com"]

[Event "Titled Tuesday Blitz July 4 Late 2023"]
[White "Bazzano, Sebastian"]
[Black "Gyulamiryan-koryun"]
[WhiteFideId "104566"]
[WhiteElo "2216"]
[BlackElo "1731"]
[Result "1-0"]
[Round "11"]
[TimeControl "180+2"]
[Date "2023.07.04"]
[WhiteClock "0:00:31"]
[BlackClock "0:00:00"]
[Board "110"]

1. d4 Nf6 2. Bf4 g6 3. Nc3 Bg7 4. e4 d6 5. Qd2 h5 6. O-O-O O-O 7. Nf3 Ng4 8. h3 Nf6 9. Bh6 Nc6 10. Bxg7 Kxg7 11. d5 Ne5 12. Nxe5 dxe5 13. f4 exf4 14. Qxf4 Qd6 15. e5 Qc5 16. exf6+ exf6 17. Bd3 Re8 18. Rhf1 Qe3+ 19. Qxe3 Rxe3 20. Kd2 Rg3 21. Rf2 f5 22. Re1 Bd7 23. Re7 Rd8 24. Ne2 Rg5 25. c4 c6 26. d6 c5 27. Nc3 Be6 28. Rxb7 Rxd6 29. Kc2 Rd4 30. b3 a5 31. Rb5 f4 32. Ne2 Rd6 33. Nxf4 Bf5 34. Bxf5 Rxf5 35. Nd3 1-0


[Site "https://www.chess.com"]

[Event "Titled Tuesday Blitz July 4 Late 2023"]
[White "Winkels, Marcel"]
[Black "Tqebuchava, Zurab"]
[WhiteFideId "1003887"]
[BlackFideId "13601113"]
[WhiteElo "2078"]
[BlackElo "2057"]
[Result "1-0"]
[Round "11"]
[TimeControl "180+2"]
[Date "2023.07.04"]
[WhiteClock "0:00:53"]
[BlackClock "0:00:00"]
[Board "111"]

1. e4 g6 2. d4 Bg7 3. Nc3 c6 4. Be3 d6 5. f4 b5 6. a3 a5 7. Nf3 Bg4 8. h3 Bxf3 9. Qxf3 e6 10. Bd3 d5 11. O-O Ne7 12. e5 h5 13. g3 Qb6 14. Ne2 Nd7 15. b3 Kf8 16. g4 hxg4 17. hxg4 a4 18. f5 gxf5 19. gxf5 exf5 20. Bxf5 Ke8 21. Qg4 Nf8 22. Rf3 Rg8 23. Qf4 Ra7 24. Kf1 axb3 25. cxb3 b4 26. a4 Qa6 27. Bc2 Neg6 28. Qf5 1-0


[Site "https://www.chess.com"]

[Event "Titled Tuesday Blitz July 4 Late 2023"]
[White "Broca Jimenez, Fernando"]
[Black "Burke, Paul"]
[WhiteFideId "5104742"]
[BlackFideId "2605767"]
[WhiteElo "2201"]
[BlackElo "1927"]
[Result "0-1"]
[Round "11"]
[TimeControl "180+2"]
[Date "2023.07.04"]
[WhiteClock "0:00:00"]
[BlackClock "0:00:13"]
[Board "112"]

1. Nf3 a6 2. b3 d6 3. Bb2 Nd7 4. g3 Ngf6 5. Bg2 g6 6. O-O Bg7 7. e4 O-O 8. d3 e5 9. Nbd2 h6 10. Re1 Kh7 11. Nf1 Qe7 12. Ne3 c6 13. h3 Ng8 14. c4 f5 15. exf5 gxf5 16. Nd2 Ndf6 17. Qe2 Be6 18. d4 e4 19. f3 d5 20. fxe4 fxe4 21. Rf1 Rae8 22. a4 Rf7 23. Ba3 Qd7 24. Kh2 Ne7 25. Bxe7 Rexe7 26. cxd5 cxd5 27. Rac1 Ng8 28. Nc2 Qd6 29. Rxf7 Rxf7 30. Nf1 Bf6 31. Nfe3 Bh4 32. Qe1 Rg7 33. Kh1 Bxg3 34. Qe2 Bf4 35. Rf1 Rg3 36. b4 Bxh3 37. Rf2 Bxg2+ 38. Rxg2 Qg6 39. Kg1 Bxe3+ 40. Nxe3 Qg5 0-1